[ PARTIDA AOE2 · #480602005 ]
1v1 RMCoreanos vs Inca
Equipo del jugador · DERR
Equipo rival · VICT
[ ANÁLISIS DE REPETICIÓN · EXTRAÍDO DE LA PARTIDA GRABADA ]
Feudal
11:43
Castillos
25:35
Imperial
—
| APM promedio | 20.6 |
| APM pico | 39 |
| eAPM promedio | 14.9 |
| Aldeanos / militares | 46 / 11 |
Foco
⚔️ 18.5% · 🌾 81.5%
Scorpion ×6 · Fire Lancer ×2 · Militia ×1 · Battering Ram ×1 · Iron Pagoda ×1
Feudal
10:36
Castillos
35:39
Imperial
—
| APM promedio | 56.6 |
| APM pico | 98 |
| eAPM promedio | 21.0 |
| Aldeanos / militares | 64 / 58 |
Foco
⚔️ 47.6% · 🌾 52.4%
Archer ×57 · Unknown (2550) ×55 · Mangonel ×1
Mapa de la partida
Recursos al inicio + cada clic de construcción. Línea gruesa = muro · recuadro discontinuo = muro de casas detectado. 🟡 oro · ⚪ piedra · 🟢 bayas · 🔶 jabalí · ⭕ reliquia
Inputs por minuto
— Zero Vitae - - B-wolf
Build order — Zero Vitae
107 acciones detectadas en el replay
| 0:01 | Crear | Villager (Male) |
| 0:01 | Crear | Villager (Male) |
| 0:03 | Construir | House |
| 0:06 | Construir | House |
| 0:16 | Crear | Villager (Male) |
| 0:16 | Crear | Villager (Male) |
| 1:40 | Crear | Villager (Male) |
| 1:47 | Crear | Villager (Male) |
| 2:15 | Construir | Lumber Camp |
| 2:34 | Crear | Villager (Male) |
| 2:41 | Crear | Villager (Male) |
| 3:05 | Crear | Villager (Male) |
| 3:22 | Crear | Villager (Male) |
| 3:52 | Crear | Villager (Male) |
| 3:55 | Construir | House |
| 4:07 | Crear | Villager (Male) |
| 4:32 | Crear | Villager (Male) |
| 5:21 | Construir | Mill |
| 5:25 | Investigar | Loom |
| 5:45 | Crear | Villager (Male) |
| 6:07 | Crear | Villager (Male) |
| 6:48 | Crear | Villager (Male) |
| 6:49 | Crear | Villager (Male) |
| 6:49 | Crear | Villager (Male) |
| 7:05 | Construir | House |
| 8:01 | Crear | Villager (Male) |
| 8:27 | Construir | Farm |
| 8:37 | Crear | Villager (Male) |
| 8:37 | Crear | Villager (Male) |
| 8:52 | Construir | Mining Camp |
| 9:33 | Investigar | Feudal Age |
| 10:30 | Crear | Villager (Male) |
| 10:37 | Construir | Barracks |
| 11:43 | Edad | Edad Feudal |
| 12:06 | Crear | Villager (Male) |
| 12:12 | Construir | Barracks |
| 12:22 | Construir | Blacksmith |
| 12:25 | Construir | Market |
| 12:53 | Construir | Watch Tower |
| 13:04 | Construir | Palisade Wall |
| 13:11 | Crear | Villager (Male) |
| 13:19 | Investigar | Double-Bit Axe |
| 13:29 | Construir | House |
| 13:31 | Construir | House |
| 13:39 | Construir | Farm |
| 14:23 | Construir | Mining Camp |
| 14:26 | Crear | Villager (Male) |
| 14:36 | Construir | Farm |
| 14:42 | Construir | Farm |
| 14:48 | Crear | Villager (Male) |
| 15:06 | Construir | Outpost |
| 15:18 | Investigar | Fletching |
| 16:24 | Construir | Farm |
| 16:26 | Construir | Farm |
| 16:30 | Construir | Farm |
| 17:09 | Construir | Stone Wall |
| 17:59 | Investigar | Man-at-Arms (upgrade) |
| 18:03 | Crear | Villager (Male) |
| 18:33 | Crear | Militia |
| 19:36 | Construir | Watch Tower |
| 19:44 | Construir | Farm |
| 19:47 | Construir | Farm |
| 20:56 | Crear | Villager (Male) |
| 21:48 | Crear | Villager (Male) |
| 22:24 | Crear | Villager (Male) |
| 22:55 | Investigar | Castle Age |
| 23:27 | Crear | Villager (Male) |
| 24:26 | Crear | Villager (Male) |
| 25:35 | Edad | Edad de los Castillos |
| 25:55 | Construir | Siege Workshop |
| 27:01 | Crear | Villager (Male) |
| 27:02 | Crear | Villager (Male) |
| 27:59 | Crear | Scorpion |
| 28:03 | Construir | Farm |
| 28:05 | Construir | Farm |
| 29:52 | Crear | Scorpion |
| 29:52 | Crear | Scorpion |
| 30:19 | Construir | Stone Wall |
| 31:38 | Crear | Scorpion |
| 31:38 | Crear | Scorpion |
| 31:40 | Crear | Villager (Male) |
| 31:40 | Crear | Villager (Male) |
| 31:40 | Crear | Villager (Male) |
| 32:16 | Construir | Watch Tower |
| 32:49 | Crear | Villager (Male) |
| 33:18 | Crear | Villager (Male) |
| 33:34 | Construir | Town Center |
| 33:57 | Construir | Town Center |
| 34:01 | Crear | Villager (Male) |
| 34:15 | Crear | Battering Ram |
| 35:09 | Crear | Fire Lancer |
| 35:09 | Crear | Fire Lancer |
| 35:38 | Crear | Villager (Male) |
| 36:33 | Crear | Villager (Male) |
| 36:44 | Crear | Villager (Male) |
| 36:47 | Construir | Farm |
| 36:49 | Construir | Farm |
| 36:51 | Construir | Farm |
| 36:54 | Construir | Farm |
| 36:56 | Construir | Farm |
| 37:00 | Construir | Farm |
| 37:27 | Construir | Castle |
| 37:37 | Crear | Villager (Male) |
| 37:37 | Crear | Villager (Male) |
| 37:39 | Crear | Villager (Male) |
| 37:45 | Crear | Scorpion |
| 37:49 | Crear | Iron Pagoda |
Build order — B-wolf
Primeras 150 de 269 acciones detectadas
| 0:01 | Crear | Villager (Male) |
| 0:01 | Crear | Villager (Male) |
| 0:01 | Crear | Villager (Male) |
| 0:01 | Crear | Villager (Male) |
| 0:04 | Construir | House |
| 0:10 | Construir | Barracks |
| 1:30 | Crear | Villager (Male) |
| 1:30 | Crear | Villager (Male) |
| 1:30 | Crear | Villager (Male) |
| 2:07 | Crear | Villager (Male) |
| 2:07 | Crear | Villager (Male) |
| 2:07 | Crear | Villager (Male) |
| 2:27 | Crear | Villager (Male) |
| 2:27 | Crear | Villager (Male) |
| 2:27 | Crear | Villager (Male) |
| 2:27 | Crear | Villager (Male) |
| 2:43 | Construir | House |
| 2:51 | Crear | Unit 2550 |
| 2:57 | Crear | Villager (Male) |
| 2:57 | Crear | Villager (Male) |
| 3:27 | Crear | Villager (Male) |
| 3:27 | Crear | Villager (Male) |
| 3:27 | Crear | Villager (Male) |
| 3:27 | Crear | Villager (Male) |
| 3:49 | Crear | Unit 2550 |
| 3:49 | Crear | Unit 2550 |
| 3:53 | Crear | Villager (Male) |
| 4:16 | Crear | Villager (Male) |
| 4:20 | Crear | Unit 2550 |
| 4:45 | Crear | Villager (Male) |
| 5:08 | Crear | Villager (Male) |
| 5:10 | Crear | Unit 2550 |
| 5:34 | Crear | Villager (Male) |
| 6:05 | Crear | Villager (Male) |
| 6:49 | Crear | Villager (Male) |
| 7:33 | Construir | Settlement |
| 7:36 | Crear | Villager (Male) |
| 7:55 | Investigar | Loom |
| 8:24 | Investigar | Feudal Age |
| 8:49 | Construir | Outpost |
| 8:55 | Construir | Outpost |
| 9:35 | Construir | Outpost |
| 10:32 | Construir | Settlement |
| 10:36 | Edad | Edad Feudal |
| 10:47 | Crear | Villager (Male) |
| 11:09 | Investigar | Tech 1402 |
| 11:16 | Crear | Villager (Male) |
| 12:01 | Crear | Unit 2550 |
| 12:01 | Crear | Unit 2550 |
| 12:14 | Crear | Villager (Male) |
| 12:16 | Construir | Farm |
| 12:17 | Construir | Farm |
| 12:18 | Construir | Farm |
| 12:21 | Crear | Villager (Male) |
| 12:27 | Construir | Settlement |
| 13:02 | Construir | Archery Range |
| 13:03 | Crear | Villager (Male) |
| 13:13 | Crear | Villager (Male) |
| 13:31 | Crear | Villager (Male) |
| 13:42 | Investigar | Double-Bit Axe |
| 13:44 | Crear | Archer |
| 14:12 | Construir | Blacksmith |
| 14:16 | Crear | Villager (Male) |
| 14:20 | Crear | Archer |
| 14:37 | Construir | Watch Tower |
| 14:44 | Crear | Unit 2550 |
| 14:55 | Construir | Stone Wall |
| 14:56 | Construir | Stone Wall |
| 14:57 | Construir | Stone Wall |
| 14:57 | Construir | Stone Wall |
| 14:58 | Construir | Stone Wall |
| 15:10 | Investigar | Fletching |
| 15:11 | Crear | Villager (Male) |
| 15:23 | Construir | Stone Wall |
| 16:04 | Crear | Archer |
| 16:04 | Crear | Archer |
| 16:33 | Construir | House |
| 16:37 | Construir | Archery Range |
| 16:39 | Investigar | Scale Mail Armor |
| 16:40 | Crear | Unit 2550 |
| 16:40 | Crear | Unit 2550 |
| 16:41 | Investigar | Arson |
| 16:42 | Crear | Villager (Male) |
| 16:46 | Construir | Farm |
| 16:46 | Construir | Farm |
| 16:48 | Crear | Villager (Male) |
| 17:21 | Crear | Archer |
| 17:22 | Crear | Archer |
| 17:50 | Construir | Barracks |
| 17:51 | Crear | Villager (Male) |
| 17:52 | Crear | Villager (Male) |
| 17:56 | Crear | Archer |
| 17:56 | Crear | Archer |
| 18:17 | Crear | Archer |
| 18:17 | Crear | Archer |
| 18:28 | Crear | Archer |
| 18:28 | Crear | Archer |
| 18:29 | Crear | Villager (Male) |
| 19:05 | Crear | Archer |
| 19:05 | Crear | Archer |
| 19:06 | Crear | Unit 2550 |
| 19:06 | Crear | Unit 2550 |
| 19:09 | Crear | Villager (Male) |
| 19:10 | Crear | Villager (Male) |
| 19:15 | Construir | Settlement |
| 19:20 | Construir | Archery Range |
| 19:25 | Crear | Archer |
| 19:25 | Crear | Archer |
| 20:15 | Crear | Villager (Male) |
| 20:15 | Crear | Villager (Male) |
| 20:16 | Crear | Archer |
| 20:16 | Crear | Archer |
| 20:28 | Crear | Unit 2550 |
| 20:44 | Crear | Unit 2550 |
| 20:45 | Crear | Unit 2550 |
| 21:03 | Crear | Unit 2550 |
| 21:28 | Crear | Archer |
| 21:28 | Crear | Archer |
| 21:42 | Crear | Unit 2550 |
| 21:58 | Crear | Unit 2550 |
| 21:58 | Crear | Unit 2550 |
| 22:22 | Crear | Villager (Male) |
| 22:26 | Construir | Farm |
| 22:27 | Construir | Farm |
| 22:40 | Crear | Unit 2550 |
| 22:43 | Crear | Archer |
| 22:43 | Crear | Archer |
| 23:12 | Crear | Villager (Male) |
| 23:18 | Construir | Settlement |
| 23:44 | Crear | Unit 2550 |
| 23:44 | Crear | Unit 2550 |
| 24:23 | Crear | Unit 2550 |
| 24:23 | Crear | Unit 2550 |
| 24:30 | Crear | Villager (Male) |
| 24:31 | Crear | Archer |
| 24:32 | Crear | Archer |
| 24:38 | Investigar | Gold Mining |
| 24:51 | Crear | Villager (Male) |
| 24:57 | Crear | Archer |
| 24:58 | Crear | Archer |
| 25:27 | Crear | Archer |
| 25:27 | Crear | Archer |
| 25:50 | Investigar | Forging |
| 25:55 | Construir | Farm |
| 26:05 | Crear | Unit 2550 |
| 26:05 | Crear | Unit 2550 |
| 26:07 | Crear | Archer |
| 26:07 | Crear | Archer |
| 26:09 | Crear | Villager (Male) |
| 26:12 | Construir | Farm |
Cronología de la partida
| 0:10 | B-wolf · first_building Barracks |
| 10:36 | B-wolf · age_up feudal |
| 10:37 | Zero Vitae · first_building Barracks |
| 11:43 | Zero Vitae · age_up feudal |
| 13:02 | B-wolf · first_building Archery Range |
| 13:04 | Zero Vitae · wall_segment Palisade Wall x2 |
| 14:55 | B-wolf · wall_segment Stone Wall x1 |
| 14:56 | B-wolf · wall_segment Stone Wall x1 |
| 14:57 | B-wolf · wall_segment Stone Wall x1 |
| 14:57 | B-wolf · wall_segment Stone Wall x1 |
| 14:58 | B-wolf · wall_segment Stone Wall x1 |
| 15:23 | B-wolf · wall_segment Stone Wall x1 |
| 17:09 | Zero Vitae · wall_segment Stone Wall x1 |
| 22:53 | Zero Vitae · first_market_sell 100 wood |
| 25:35 | Zero Vitae · age_up castle |
| 25:55 | Zero Vitae · first_building Siege Workshop |
| 28:15 | Zero Vitae · first_market_buy 100 stone |
| 30:19 | Zero Vitae · wall_segment Stone Wall x1 |
| 32:28 | B-wolf · first_market_buy 100 food |
| 32:29 | B-wolf · first_market_sell 100 wood |
| 33:09 | B-wolf · wall_segment Palisade Wall x1 |
| 33:10 | B-wolf · wall_segment Palisade Wall x1 |
| 33:10 | B-wolf · wall_segment Palisade Wall x1 |
| 33:11 | B-wolf · wall_segment Palisade Wall x2 |
| 33:11 | B-wolf · wall_segment Palisade Wall x2 |
| 33:11 | B-wolf · wall_segment Palisade Wall x1 |
| 33:11 | B-wolf · wall_segment Palisade Wall x1 |
| 35:39 | B-wolf · age_up castle |
| 36:15 | B-wolf · first_building Castle |
| 36:57 | B-wolf · first_building Siege Workshop |
| 37:27 | Zero Vitae · first_building Castle |
| 39:11 | Zero Vitae · resign |
[ ANÁLISIS IA · 1 CRÉDITO ]
¿Qué pasó realmente en esta partida?
Wolo.gg analiza cada decisión: build order, eco, micro, errores típicos por bracket. Análisis personalizado por WhatsApp o Discord en 30 segundos.
Guía civ
Coreanos
Guía mapa
Enclosed
Perfil
Zero Vitae